 Dungeon Crawl Stone Soup version 0.29-a0-322-g68df515428 (webtiles) character file.

Game seed: 15145398300031665085

357 Flugslaktarn the Stinger (level 6, -5/43 HPs)
             Began as a Human Venom Mage on Apr 6, 2022.
             Shot with an arrow by a centaur (14 damage)
             ... on level 5 of the Dungeon.
             The game lasted 00:07:50 (1507 turns).

Flugslaktarn the Stinger (Human Venom Mage)         Turns: 1507, Time: 00:07:50

Health: -5/43      AC:  3    Str:  8    XL:     6   Next: 96%
Magic:  10/10      EV: 12    Int: 17    God:
Gold:   182        SH:  0    Dex: 14    Spells: 5/11 levels left

rFire   . . .      SeeInvis .   c - +0 hunting sling
rCold   . . .      Faith    .   (no shield)
rNeg    + . .      Spirit   .   a - +0 robe
rPois   .          Reflect  .   (no helmet)
rElec   .          Harm     .   (no cloak)
rCorr   .          Rampage  .   r - +0 pair of gloves
Will    .....                   (no boots)
Stlth   ++........              j - amulet of regeneration
HPRegen 0.94/turn               n - ring of positive energy
MPRegen 0.12/turn               (no ring)

@: no status effects
A: no striking features
a: no special abilities


You were on level 5 of the Dungeon.
You visited 1 branch of the dungeon, and saw 6 of its levels.

You collected 182 gold pieces.

Inventory:

Hand Weapons
 c - a +0 hunting sling (weapon)
   (You found it on level 1 of the Dungeon)
 m - a +2 short sword of electrocution
   (You found it on level 1 of the Dungeon)
Armour
 a - a +0 robe (worn)
 r - a +0 pair of gloves (worn)
   (You found it on level 4 of the Dungeon)
 u - a +0 buckler
   (You found it on level 3 of the Dungeon)
Jewellery
 j - an amulet of regeneration (around neck)
   (You found it on level 3 of the Dungeon)
 n - a ring of positive energy (left hand)
   (You found it on level 2 of the Dungeon)
Wands
 t - a wand of iceblast (6)
   (You found it on level 4 of the Dungeon)
 w - a wand of mindburst (13)
   (You found it on level 3 of the Dungeon)
Scrolls
 f - a scroll of vulnerability
 g - 2 scrolls of immolation
 k - 2 scrolls of amnesia {unknown}
 o - a scroll of holy word {unknown}
 q - 2 scrolls of teleportation {unknown}
 s - a scroll of enchant armour {unknown}
 v - a scroll of noise {unknown}
 z - 2 scrolls of blinking
Potions
 b - a potion of magic
 d - 2 potions of brilliance
 e - a potion of flight {unknown}
 h - 2 potions of haste
 i - a potion of heal wounds {unknown}
 l - a potion of cancellation {unknown}
 p - a potion of might {unknown}


   Skills:
 + Level 1.6 Fighting
 + Level 2.7 Dodging
 - Level 2.0 Stealth
 + Level 1.5 Unarmed Combat
 - Level 3.0 Spellcasting
 - Level 2.0 Transmutations
 - Level 2.0 Air Magic
 - Level 5.0 Poison Magic
 * Level 0.0 Evocations


You had 5 spell levels left.
You knew the following spells:

 Your Spells              Type           Power      Damage    Failure   Level
a - Sting                 Tmut/Pois      56%        1d5       4%          1
b - Poisonous Vapours     Pois/Air       28%        N/A       6%          2
c - Spider Form           Tmut/Pois      14%        N/A       12%         3

Your spell library contained the following spells:

 Spells                   Type           Power      Damage    Failure   Level
 Slow                     Hex            8%         N/A       17%         1
 Ignite Poison            Fire/Tmut/Pois 10%        N/A       21%         3
 Mephitic Cloud           Conj/Pois/Air  10%        N/A       21%         3
 Olgreb's Toxic Radiance  Pois           19%        N/A       22%         4
 Ensorcelled Hibernation  Hex/Ice        4%         N/A       26%         2
 Call Canine Familiar     Summ           2%         N/A       45%         3
 Confusing Touch          Hex            2%         N/A       45%         3
 Portal Projectile        Hex/Tloc       4%         N/A       45%         3
 Vampiric Draining        Necr           2%         2d6       45%         3
 Anguish                  Hex/Necr       1%         N/A       86%         4
 Leda's Liquefaction      Hex/Erth       1%         N/A       86%         4
 Freezing Cloud           Conj/Ice/Air   2%         6-21      98%         5


Dungeon Overview and Level Annotations

Branches:
Dungeon (6/15)
 Temple: D:4-7

Altars:

Annotations:
D:4 1 runed translucent door, DrClinical's ghost, amateur KoBr


Message History

You hit the hound but do no damage.
The hound looks as sick as possible!
The hound is almost dead.
The hound completely misses you.
You hit the hound.
The hound looks as sick as possible!
The hound is almost dead.
You kill the hound!
You see here a hound corpse.
You are a level 6 Human Venom Mage.
You are 94% of the way to level 7.
Play time: 00:06:58 (1341 turns).
Zot will find you in 26466 turns if you stay in this branch and explore no new floors.
Unknown command.
Your transformation is almost over.
Your transformation has ended.
Your +0 hunting sling unmelds from your body.
Your +0 pair of gloves unmelds from your body.
Your +0 robe unmelds from your body.
Found a stone staircase leading down.
Found a blackened bronze wand.
Found a stone staircase leading up.
A giant cockroach comes into view.
t - a wand of iceblast (6)
There are no items here.
There is a stone staircase leading up here.
You climb upwards.
Found a buckler.
There is a stone staircase leading down here.
Found a scroll labelled BIYBROI GUNKES.
You see here a +0 buckler.
u - a +0 buckler An orc comes into view.
It is wielding a +0 whip.
The orc shouts!
You shoot a sling bullet.
The sling bullet closely misses the orc.
You shoot a sling bullet.
The sling bullet closely misses the orc.
You shoot a sling bullet. The sling bullet barely misses the orc.
You shoot a sling bullet. The sling bullet hits the orc!
You kill the orc!
No target in view!
v - a scroll labelled BIYBROI GUNKES
Found a silver wand.
w - a wand of mindburst (14)
There is a stone staircase leading down here.
You climb downwards.
There is a stone staircase leading up here.
Okay, then.
The giant cockroach barely misses you.
You shoot a sling bullet.
The sling bullet hits the giant cockroach but does no damage.
The giant cockroach barely misses you.
You shoot a sling bullet.
The sling bullet hits the giant cockroach but does no damage.
The giant cockroach barely misses you. The giant cockroach misses you.
You shoot a sling bullet.
The sling bullet closely misses the giant cockroach.
The giant cockroach bites you but does no damage.
The giant cockroach bites you.
You shoot a sling bullet.
The sling bullet hits the giant cockroach.
You kill the giant cockroach!
No target in view!
You see here a giant cockroach corpse.
Found 20 gold pieces.
Found a runed translucent door.
DrClinical's ghost turns its malevolent gaze towards you.
DrClinical's ghost keens inconsolably.
There is a stone staircase leading down here.
You climb downwards.
Found a ring mail.
Found a stone staircase leading down.
There is a stone staircase leading up here.
Unknown command.
A centaur comes into view.
The centaur shouts!
The centaur wields a +0 shortbow.
The centaur shoots an arrow.
The arrow hits you!
The centaur shoots an arrow.
The arrow hits you!
An ice beast comes into view.
Found 9 gold pieces.
The centaur shoots an arrow.
The arrow closely misses you.
The centaur shoots an arrow.
The arrow hits you.
The centaur shoots an arrow.
The arrow hits you!
* * * LOW HITPOINT WARNING * * *
Unknown command.
Unknown command.
Something unseen breaks down the door.
There is a stone staircase leading down here.
You climb downwards.
Found a scroll of immolation.
There is a stone staircase leading up here.
g - 2 scrolls of immolation (gained 1)
A black bear comes into view.
The black bear growls angrily.
The black bear moves out of view.
There is a stone staircase leading up here.
You climb upwards.
The centaur shoots an arrow.
The arrow hits you!
There is a stone staircase leading down here.
Aiming: Mindburst
Press: ? - help, Shift-Dir - straight line, f - centaur
Aim: a centaur, wielding a +0 shortbow (chance to affect: 64%)
The centaur struggles to resist.
The centaur shoots an arrow.
The arrow hits you!
* * * LOW HITPOINT WARNING * * *
The centaur shoots an arrow.
The arrow hits you!
You die...

#.. #.#....... #
##.##.#.......
#.......'.......
##.###.#c#.......
#................
#........#......$
###.###.#..#.......
#.....#.#..#.......
#.......@#.Y.....
#<..#.##########.
#.[.....# #.#.#.#.#
#.#...#.# #.#...# #
#.......
##......##.##### .
#### ..#..


You could see a centaur.

Vanquished Creatures
  Sigmund (D:3)
  A phantom (D:4)
  A hound (D:4)
  An iguana (D:3)
  2 adders (D:2)
  5 orcs
  5 bats
  7 endoplasms
  4 giant cockroaches
  5 goblins
  3 hobgoblins
  4 kobolds
  A quokka (D:3)
  8 ball pythons
  A frilled lizard (D:3)
  11 rats
60 creatures vanquished.

Notes
Turn   | Place    | Note
-------+----------+-------------------------------------------
     0 | D:1      | Flugslaktarn the Human Venom Mage began the quest for the
                  | Orb.
     0 | D:1      | Reached XP level 1. HP: 13/13 MP: 3/3
   100 | D:1      | Reached XP level 2. HP: 16/19 MP: 3/5
   110 | D:1      | Learned a level 2 spell: Poisonous Vapours
   229 | D:1      | Reached XP level 3. HP: 11/24 MP: 4/6
   300 | D:1      | Reached skill level 1 in Air Magic
   349 | D:1      | Found a faded altar of an unknown god.
   467 | D:2      | Reached XP level 4. HP: 9/30 MP: 5/7
   748 | D:3      | Noticed Sigmund
   766 | D:3      | Killed Sigmund
   767 | D:3      | Reached skill level 5 in Poison Magic
   767 | D:3      | Reached XP level 5. HP: 25/35 MP: 2/9
   767 | D:3      | Reached XP level 6. HP: 30/41 MP: 2/10
   802 | D:3      | Learned a level 3 spell: Spider Form
   824 | D:5      | Entered Level 5 of the Dungeon
  1049 | D:4      | Reached skill level 1 in Fighting
  1049 | D:4      | Reached skill level 1 in Unarmed Combat
  1452 | D:4      | Found a runed translucent door.
  1452 | D:4      | Noticed DrClinical's ghost (amateur KoBr)
  1482 | D:5      | Noticed an ice beast
  1499 | D:6      | Noticed a black bear
  1507 | D:5      | Shot with an arrow by a centaur

Illustrated notes

Levels and vault maps discovered:
D:1:      dpeg_arrival_boxes_within_box, layout_rooms,
          ebering_ecumenical_altar_webs
D:2:      layout_basic, st_stairs_8
D:3:      layout_basic, corexii_leaking_fountain, uniq_sigmund
D:4:      layout_loops_corners, gammafunk_ghost_grave, patterned_corridor
D:5:      layout_basic, serial_shops, shop_statue, corner_web_ring
D:6:      layout_loops_cross

Skill      XL: |  1  2  3  4  5  6 |
---------------+-------------------+-----
Transmutations | 2 |  2.0
Air Magic      | 1 2 |  2.0
Spellcasting   | 3 |  3.0
Poison Magic   | 5 |  5.0
Fighting       | 1 |  1.6
Unarmed Combat | 1 |  1.5
Dodging        | |  2.7
Stealth        | |  2.0

Action                   |  1- 3 |  4- 6 || total
-------------------------+-------+-------++-------
Melee: Unarmed           |     7 |    49 ||    56
 Fire: Hunting sling     |    32 |    53 ||    85
 Cast: Sting             |    26 |    12 ||    38
       Poisonous Vapours |       |     3 ||     3
       Spider Form       |       |     6 ||     6
Evoke: Wand              |       |     1 ||     1
  Use: Scroll            |       |     5 ||     5
Armor: Robe              |     6 |     9 ||    15
       Skin              |       |     2 ||     2
Dodge: Dodged            |    30 |    61 ||    91

Table legend: (Time is in decaauts)
 A = Elapsed time spent in this place.
 B = Non-inter-level travel time spent in this place.
 C = Inter-level travel time spent in this place.
 D = Time resting spent in this place.
 E = Time spent auto-exploring this place.
 F = Levels seen in this place.
 G = Mean time per level.
                   A        B        C        D        E       F      G
               +--------+--------+--------+--------+--------+-----+--------+
         Total |   1554 |   1459 |     95 |      0 |      0 |   6 |  259.0 |
       Dungeon |   1554 |   1459 |     95 |      0 |      0 |   6 |  259.0 |
               +--------+--------+--------+--------+--------+-----+--------+

Top non-repeatable levels by time:
     D:4: 544 daAuts
     D:1: 418 daAuts
     D:3: 367 daAuts
     D:2: 174 daAuts
     D:5: 31 daAuts
     D:6: 17 daAuts
